 Dungeon Crawl Stone Soup version 0.24-a0-458-gfcb5e6da0e (webtiles) character file.

Game seed: 8629073031895684527

154 pk666 the Magician (level 5, 0/28 HPs)
             Began as a Deep Elf Wizard on June 27, 2019.
             Slain by an adder (3 damage)
             ... on level 4 of the Dungeon.
             The game lasted 00:06:09 (3282 turns).

pk666 the Magician (Deep Elf Wizard)                Turns: 3282, Time: 00:06:11

Health: 0/28       AC:  4    Str:  4    XL:     5   Next: 13%
Magic:  1/14       EV: 13    Int: 24    God:
Gold:   117        SH:  0    Dex: 13    Spells: 5/14 levels left

rFire    . . .     SeeInvis .   i - +2 dagger (speed)
rCold    . . .     Gourm    .   (no shield)
rNeg     . . .     Faith    .   a - +0 robe
rPois    .         Spirit   .   b - +0 hat
rElec    .         Reflect  .   l - +1 cloak
rCorr    .         Harm     .   (no gloves)
MR       .....                  (no boots)
Stlth    ++........             (no amulet)
HPRegen  0.09/turn              (no ring)
MPRegen  0.14/turn              (no ring)

@: very slightly contaminated
A: no striking features
a: no special abilities


You were on level 4 of the Dungeon.
You were not hungry.

You visited 1 branch of the dungeon, and saw 4 of its levels.

You collected 117 gold pieces.

Inventory:

Hand Weapons
 i - a +2 dagger of speed (weapon)
Armour
 a - a +0 robe (worn)
 b - a +0 hat (worn)
 l - a +1 cloak (worn)
Jewellery
 f - an uncursed ring of ice
 n - an uncursed amulet of faith
Wands
 m - a wand of random effects (17)
Scrolls
 e - 4 scrolls of identify {unknown}
 o - a scroll of teleportation {unknown}
 p - 2 scrolls of noise {unknown}
Potions
 c - a potion of invisibility {unknown}
 g - a potion of berserk rage {unknown}
 h - a potion of degeneration {unknown}
 j - a potion of lignification {unknown}
 k - a potion of heal wounds {unknown}
 q - a potion of curing
 r - 2 potions of haste {unknown}
Comestibles
 d - 7 rations


   Skills:
 - Level 3.2 Dodging
 - Level 2.4 Stealth
 + Level 5.3 Spellcasting
 + Level 2.7 Conjurations
   Level 1.1 Summonings
 + Level 2.0 Translocations
 + Level 1.3 Fire Magic
 + Level 1.2 Air Magic
 + Level 1.4 Poison Magic


You had 5 spell levels left.
You knew the following spells:

 Your Spells              Type           Power        Failure   Level  Hunger
a - Magic Dart            Conj           ###.         2%          1    None
b - Blink                 Tloc           N/A          5%          2    None
c - Conjure Flame         Conj/Fire      ###.....     11%         3    ##.....
d - Mephitic Cloud        Conj/Pois/Air  ###.....     12%         3    ##.....

Your spell library contained the following spells:

 Spells                   Type           Power        Failure   Level  Hunger
 Call Imp                 Summ           ##......     9%          2    None
 Slow                     Hex            #.......     13%         2    None


Dungeon Overview and Level Annotations

Branches:
Dungeon (4/15)
 Temple: D:4-7

Altars:
Dithmenos

Annotations:
D:4 Eustachio, Pikel


Message History

Confirm with . or Enter, or press ? or * to list all spells.
Aiming: Mephitic Cloud (safe; 12% risk of failure)
Press: ? - help, Shift-Dir - straight line, f - Eustachio
Aim: Eustachio, wielding a +0 rapier and wearing a +0 leather armour (heavily wounded)
You miscast Mephitic Cloud.
You are very lightly contaminated with residual magic.
Your skin tingles.
The iron imp barely misses you. The river rat misses you.
Casting: Mephitic Cloud (safe; 12% risk of failure)
Confirm with . or Enter, or press ? or * to list all spells.
Aiming: Mephitic Cloud (safe; 12% risk of failure)
Press: ? - help, Shift-Dir - straight line, f/p - Eustachio
Aim: Eustachio, wielding a +0 rapier and wearing a +0 leather armour (heavily wounded)
The ball explodes into a vile cloud!
The stinking cloud engulfs Eustachio but does no damage.
Eustachio is heavily wounded.
You hear a shout!
The adder bites you.
* * * LOW HITPOINT WARNING * * *
The adder bites you.
You die...

......# ......# p....#
...# K...# ....# #...#
#....+ . #... #....#
.ap.##..#####@...#
.._.ap.§pr@.○☼...#
#....#.#.SS5.....+ ##.
#.#'........#
#.##........# ..
#####55..# ## #....#
#+#####..#..).+
##+#####.....+..#....#
#...........##..#....#


You could see Eustachio, 2 slaves, a worker ant, an iron imp, a quasit, 2
adders, a river rat and a white imp.

Vanquished Creatures
  A bullfrog (D:4)
  Robin (D:2)
  2 worms (D:3)
  2 dart slugs (D:2)
  5 orcs
  2 giant cockroaches
  9 hobgoblins
  8 kobolds
  6 bats
  6 frilled lizards
  15 goblins
  3 rats
60 creatures vanquished.

Notes
Turn   | Place    | Note
-------+----------+-------------------------------------------
     0 | D:1      | pk666 the Deep Elf Wizard began the quest for the Orb.
     0 | D:1      | Reached XP level 1. HP: 10/10 MP: 7/7
   279 | D:1      | Reached XP level 2. HP: 15/15 MP: 6/9
  1300 | D:2      | Reached XP level 3. HP: 19/19 MP: 4/11
  1358 | D:2      | Learned a level 2 spell: Blink
  1362 | D:2      | Learned a level 3 spell: Conjure Flame
  1366 | D:2      | Learned a level 3 spell: Mephitic Cloud
  1498 | D:2      | Found a faded altar of an unknown god.
  1663 | D:2      | Reached skill level 5 in Spellcasting
  1664 | D:2      | Noticed Robin
  1682 | D:2      | Killed Robin
  2192 | D:3      | Reached XP level 4. HP: 24/24 MP: 1/13
  2914 | D:3      | Reached skill level 1 in Poison Magic
  3023 | D:4      | Noticed a bullfrog
  3031 | D:4      | Killed a bullfrog
  3031 | D:4      | Reached skill level 1 in Fire Magic
  3031 | D:4      | Reached skill level 1 in Air Magic
  3031 | D:4      | Reached XP level 5. HP: 28/28 MP: 7/14
  3099 | D:4      | Noticed Eustachio
  3274 | D:4      | Found a shadowy altar of Dithmenos.
  3275 | D:4      | Noticed a slave
  3276 | D:4      | Noticed a slave
  3277 | D:4      | Noticed Pikel
  3278 | D:4      | Noticed a slave
  3279 | D:4      | Noticed a slave
  3282 | D:4      | Slain by an adder

Levels and vault maps discovered:
D:1:      nzn_arrival_settlement, layout_basic
D:2:      layout_loops_ring, chequers_ecumenical_altar_simple, uniq_robin
D:3:      layout_loops_cross, first_ration
D:4:      layout_gridville, nicolae_overflow_crystal_walls, old_standard_altar,
          minmay_puff, uniq_eustachio, uniq_pikel, uniq_blork_the_orc

Skill      XL: |  1  2  3  4 |
---------------+-------------+-----
Dodging        | 3 |  3.2
Conjurations   | 2 |  2.7
Spellcasting   | 5 |  5.3
Poison Magic   | 1 |  1.4
Translocations | 2 |  2.0
Fire Magic     | 1 |  1.3
Air Magic      | 1 |  1.2
Stealth        | |  2.4
Summonings     | |  1.1

Action                   |  1- 3 |  4- 6 || total
-------------------------+-------+-------++-------
Melee: Dagger            |     4 |     1 ||     5
 Cast: Magic Dart        |   107 |    49 ||   156
       Mephitic Cloud    |       |     3 ||     3
       Blink             |       |     3 ||     3
  Eat: Chunk             |     3 |     4 ||     7
Armor: Robe              |     5 |    11 ||    16
Dodge: Dodged            |    21 |    35 ||    56

Table legend:
 A = Non-vault XP
 B = Vault XP
 C = Vault XP percentage of total XP
 D = Non-vault monster count
 E = Vault monster count
 F = Vault count percentage of total count
                 A         B        C        D         E       F
            +---------+---------+-------+---------+---------+-------
      Total |     184 |      36 |  16.4 |      48 |      12 |  20.0
            +---------+---------+-------+---------+---------+-------
        D:1 |      40 |       0 |   0.0 |      26 |       0 |   0.0
        D:2 |      16 |      36 |  69.2 |       6 |      12 |  66.7
        D:3 |      34 |       0 |   0.0 |      14 |       0 |   0.0
        D:4 |      94 |       0 |   0.0 |       2 |       0 |   0.0
            +---------+---------+-------+---------+---------+-------
